 Dungeon Crawl Stone Soup version 0.24-a0-22-g2a401c0 (webtiles) character file.

Game seed: 7393108491779890137

153422 Mgcat the Fencer (level 17, -14/140 HPs)
             Began as a Hill Orc Fighter on Feb 1, 2019.
             Was the Champion of Sif Muna.
             Demolished by a tentacle (16 damage)
             ... attached to a kraken
             ... on level 3 of the Shoals.
             The game lasted 01:23:52 (31961 turns).

Mgcat the Fencer (Hill Orc Fighter)                Turns: 31961, Time: 01:23:53

Health: -14/140    AC: 29    Str: 19    XL:     17   Next: 60%
Magic:  29/29      EV: 11    Int: 14    God:    Sif Muna [******]
Gold:   1393       SH: 15    Dex: 14    Spells: 5/32 levels left

rFire    + . .     SeeInvis .   J - +7 scimitar of Tension {vamp, Str-5 Dex+4}
rCold    + + +     Gourm    .   c - +2 shield
rNeg     + . .     Faith    .   q - +9 ice dragon scales of Inquiry {rPois rF- rC++ Int+4 Slay+2}
rPois    +         Spirit   .   v - -2 hat of the Alchemist {rElec rPois rF+ rC+ rN+ MR+ rMut rCorr}
rElec    +         Reflect  .   g - +2 cloak
rCorr    +         Harm     .   y - +2 pair of gloves
rMut     +                      H - +2 pair of boots {Fly}
MR       ++...                  Q - amulet of regeneration {+regen, !d}
Stlth    ..........             D - +5 ring of slaying
HPRegen  0.73/turn              b - ring of protection from fire {rF+, !d}
MPRegen  0.21/turn

@: flying, studying Throwing, divine energy
A: no striking features
a: Stop Divine Energy, Channel Magic, Forget Spell, Renounce Religion, Stop
Flying


You were on level 3 of the Shoals.
You worshipped Sif Muna.
Sif Muna was exalted by your worship.
You were not hungry.

You visited 5 branches of the dungeon, and saw 29 of its levels.
You also visited: Gauntlet and Ice Cave.

You collected 3469 gold pieces.
You spent 2076 gold pieces at shops.

Inventory:

Hand Weapons
 J - the +7 scimitar of Tension (weapon) {vamp, Str-5 Dex+4}
   (You acquired it on level 11 of the Dungeon)

   It inflicts no extra harm, but heals its wielder when it wounds a living foe.
   It affects your strength (-5).
   It affects your dexterity (+4).
Missiles
 B - 3 throwing nets {=f, !d}
 I - 5 javelins of penetration
 R - 12 silver javelins
 X - 6 javelins (quivered)
Armour
 c - a +2 shield (worn)
 g - a +2 cloak (worn)
   (You took it off Maurice on level 8 of the Dungeon)
 q - the +9 ice dragon scales of Inquiry (worn) {rPois rF- rC++ Int+4 Slay+2}
   (You found it in an ice cave)

   It affects your intelligence (+4).
   It affects your accuracy and damage with ranged weapons and melee attacks
   (+2).
   It makes you vulnerable to fire.
   It greatly protects you from cold.
   It protects you from poison.
 s - the cursed +0 large shield of Abstinence {+Inv}
   (You took it off Louise on level 3 of the Snake Pit)

   It lets you turn invisible.
   It has a curse placed upon it.
 v - the -2 hat of the Alchemist (worn) {rElec rPois rF+ rC+ rN+ MR+ rMut rCorr}
   (You found it in a Gauntlet)

   It protects you from fire.
   It protects you from cold.
   It insulates you from electricity.
   It protects you from poison.
   It protects you from negative energy.
   It affects your resistance to hostile enchantments.
   It provides partial protection from all sources of acid and corrosion.
   It protects you from mutation.
 y - a +2 pair of gloves (worn)
   (You found it on level 11 of the Dungeon)
 H - a +2 pair of boots of flying (worn)
   (You found it in a Gauntlet)
Jewellery
 b - a ring of protection from fire (right hand) {rF+, !d}
   (You took it off a goblin on level 2 of the Dungeon)
 o - an uncursed ring of protection from cold {rC+, !d}
   (You found it on level 6 of the Dungeon)
 x - an uncursed ring of protection from magic {MR+, !d}
   (You found it on level 3 of the Lair of Beasts)
 D - a +5 ring of slaying (left hand)
   (You found it on level 10 of the Dungeon)
 N - an uncursed ring of see invisible {sInv, !d}
   (You found it on level 3 of the Lair of Beasts)
 Q - an amulet of regeneration (around neck) {+regen, !d}
   (You found it on level 6 of the Lair of Beasts)
Wands
 e - a wand of iceblast (4)
   (You took it off Erica on level 10 of the Dungeon)
 n - a wand of polymorph (6)
   (You found it on level 12 of the Dungeon)
 T - a wand of acid (15)
   (You found it on level 15 of the Dungeon)
 Z - a wand of digging (5)
   (You found it on level 2 of the Snake Pit)
Scrolls
 d - 6 scrolls of amnesia
 h - 7 scrolls of identify
 j - 14 scrolls of teleportation
 k - 5 scrolls of fear
 l - 9 scrolls of remove curse
 F - 2 scrolls of magic mapping {!r}
 O - a scroll of blinking {!r}
Potions
 i - 2 potions of lignification {!q}
 m - 3 potions of brilliance
 p - 2 potions of invisibility
 r - 4 potions of heal wounds
 t - 2 potions of mutation {!q}
 z - 4 potions of berserk rage {!q}
 A - 7 potions of haste
 C - 3 potions of resistance
 E - 4 potions of flight
 G - 2 potions of curing
 K - 4 potions of might
 M - 3 potions of cancellation
 P - 2 potions of agility
 Y - 2 potions of ambrosia
Books
 V - a manual of Throwing {!d}
   (You bought it in a shop on level 7 of the Dungeon)
Miscellaneous
 a - a lightning rod (4/4)
   (You found it in an ice cave)
 w - a fan of gales
   (You found it on level 2 of the Shoals)
 L - a lamp of fire
   (You found it on level 3 of the Lair of Beasts)
 S - a phantom mirror
Comestibles
 f - 38 rations


   Skills:
 - Level 10.0 Fighting
   Level 3.7(11.3) Short Blades
 + Level 17.1(17.3) Long Blades
 + Level 7.6 Throwing
 - Level 8.0 Armour
 - Level 5.0 Dodging
 + Level 12.3 Shields
 - Level 8.0 Spellcasting
 - Level 5.0 Conjurations
 - Level 10.0 Hexes
 + Level 1.1 Charms
 + Level 7.0 Summonings
 - Level 8.0 Translocations
 - Level 5.0 Air Magic
 - Level 5.0 Poison Magic


You had 5 spell levels left.
You knew the following spells:

 Your Spells              Type           Power        Failure   Level  Hunger
a - Tukima's Dance        Hex            ####....     2%          3    ##.....
b - Mephitic Cloud        Conj/Pois/Air  ###.....     22%         3    ##.....
c - Portal Projectile     Hex/Tloc       ####..       4%          3    ##.....
d - Summon Mana Viper     Hex/Summ       ####....     43%         5    #####..
e - Blink                 Tloc           N/A          3%          2    None
f - Aura of Abjuration    Summ           ####......   65%         5    #####..
g - Deflect Missiles      Chrm/Air       ##........   100%        6    #######

Your spell library contained the following spells:

 Spells                   Type           Power        Failure   Level  Hunger
 Confusing Touch          Hex            ####..       1%          1    None
 Corona                   Hex            ####...      1%          1    None
 Slow                     Hex            ####....     1%          2    None
 Apportation              Tloc           ####..       2%          1    None
 Confuse                  Hex            ####....     2%          3    ##.....
 Summon Butterflies       Summ           ####....     3%          1    None
 Summon Guardian Golem    Hex/Summ       ####....     5%          3    ##.....
 Gell's Gravitas          Tloc           ####......   6%          3    ##.....
 Lesser Beckoning         Tloc           ####......   6%          3    ##.....
 Teleport Other           Tloc           ####....     6%          3    ##.....
 Shock                    Conj/Air       ###.         8%          1    None
 Sting                    Conj/Pois      ###.         8%          1    None
 Dazzling Spray           Conj/Hex       ####..       8%          3    ##.....
 Recall                   Summ/Tloc      N/A          8%          3    ##.....
 Cause Fear               Hex            ####......   10%         4    ####...
 Ensorcelled Hibernation  Hex/Ice        ###...       11%         2    None
 Poisonous Vapours        Pois/Air       ###...       11%         2    None
 Shroud of Golubria       Chrm/Tloc      ###.......   14%         2    None
 Spectral Weapon          Hex/Chrm       ###.....     19%         3    ##.....
 Inner Flame              Hex/Fire       ###.....     22%         3    ##.....
 Static Discharge         Conj/Air       ###.....     22%         3    ##.....
 Passage of Golubria      Tloc           N/A          22%         4    ####...
 Swiftness                Chrm/Air       ##......     26%         2    None
 Throw Frost              Conj/Ice       ##....       30%         2    None
 Infusion                 Chrm           #...         36%         1    None
 Summon Lightning Spire   Summ/Air       ###.....     43%         4    ####...
 Animate Skeleton         Necr           N/A          50%         1    None
 Freeze                   Ice            #...         50%         1    None
 Pain                     Necr           #...         50%         1    None
 Sandblast                Erth           #.....       50%         1    None
 Conjure Flame            Conj/Fire      ##......     52%         3    ##.....
 Spider Form              Tmut/Pois      ##........   52%         3    ##.....
 Stone Arrow              Conj/Erth      ##....       52%         3    ##.....
 Airstrike                Air            ###.......   58%         4    ####...
 Olgreb's Toxic Radiance  Pois           ###.....     58%         4    ####...
 Silence                  Hex/Air        ####......   58%         5    #####..
 Summon Forest            Summ/Tloc      ####......   58%         5    #####..
 Passwall                 Tmut/Erth      #.......     65%         2    None
 Sticks to Snakes         Tmut           #.......     65%         2    None
 Ignite Poison            Fire/Tmut/Pois ##......     65%         3    ##.....
 Summon Demon             Summ           ####......   65%         5    #####..
 Ozocubu's Armour         Chrm/Ice       #.......     80%         3    ##.....
 Regeneration             Chrm/Necr      #.........   80%         3    ##.....
 Summon Ice Beast         Ice/Summ       ###.....     80%         4    ####...
 Vampiric Draining        Necr           #.........   86%         3    ##.....
 Throw Icicle             Conj/Ice       ##......     90%         4    ####...
 Lightning Bolt           Conj/Air       ###.......   90%         5    #####..
 Metabolic Englaciation   Hex/Ice        ###.......   90%         5    #####..
 Venom Bolt               Conj/Pois      ###.......   90%         5    #####..
 Yara's Violent Unravell  Hex/Tmut       ###.......   90%         5    #####..
 Animate Dead             Necr           N/A          99%         4    ####...
 Ice Form                 Ice/Tmut       #.......     99%         4    ####...
 Petrify                  Tmut/Erth      #.......     99%         4    ####...
 Alistair's Intoxication  Tmut/Pois      ##......     99%         5    #####..
 Iskenderun's Battlesphe  Conj/Chrm      ##......     99%         5    #####..
 Bolt of Magma            Conj/Fire/Erth ##........   100%        5    #####..
 Lee's Rapid Deconstruct  Erth           #.........   100%        5    #####..
 Invisibility             Hex            ####....     82%         6    #######
 Shadow Creatures         Summ           N/A          99%         6    #######
 Freezing Cloud           Conj/Ice/Air   ##........   100%        6    #######
 Iron Shot                Conj/Erth      ##........   100%        6    #######
 Orb of Destruction       Conj           ###.......   100%        7    #######
 Ring of Flames           Chrm/Fire      #.........   100%        7    #######
 Spellforged Servitor     Conj/Summ      ###.......   100%        7    #######
 Tornado                  Air            ###.......   100%        9    #######


Dungeon Overview and Level Annotations

Branches:
Dungeon (15/15)            Temple (0/1) D:6            Lair (6/6) D:11
 Shoals (3/4) Lair:3        Snake (3/4) Lair:3        Slime (0/5) Lair:6
    Orc (2/2) D:9             Elf (0/3) Orc:2        Vaults (0/5) D:13
 Depths (0/5) D:15

Altars:
Ashenzari
Elyvilon
Sif Muna
Trog
Yredelemnul
Jiyva

Shops:
D:7 :   Orc:2 }?![   Shoals:1 [   Snake:2 **:

Annotations:
D:7 1 runed translucent door
D:8 dig
Lair:3 2 transporters, Gennuon's ghost, journeyman TrWr
Lair:4 3 runed translucent doors, exclusion: oklob plant, Xodoxeg's ghost, journeyman NaWz


Message History

You slash the kraken!
The kraken is heavily wounded.
The tentacle slaps you. You block the tentacle's attack.
The tentacle slaps you. You block the tentacle's attack.
A tentacle segment bursts forth from the water.
The kraken bites you but does no damage.
You take 4 damage, and have 108/140 hp.
You hit the kraken but do no damage.
The kraken is heavily wounded.
You block the tentacle's attack.
The tentacle slaps you but does no damage.
You block the tentacle's attack. x2
A tentacle segment bursts forth from the water.
The kraken bites you. The tentacle closely misses you.
You riposte.
You slice the tentacle!!
The tentacle is severely wounded.
You hit the kraken.
The kraken is severely wounded.
The tentacle slaps you but does no damage.
You block the tentacle's attack. x2
A tentacle segment bursts forth from the water.
The tentacle slaps you but does no damage.
The tentacle slaps you.
The tentacle slaps you but does no damage.
You block the kraken's attack. The tentacle slaps you.
You take 3 damage, and have 105/140 hp.
You hit the kraken but do no damage.
The kraken is severely wounded.
The tentacle slaps you but does no damage.
The tentacle slaps you! You block the tentacle's attack.
A tentacle segment bursts forth from the water.
You block the tentacle's attack. The kraken bites you!!
You take 41 damage, and have 64/140 hp.
MASSIVE DAMAGE!!
You slash the kraken!
The kraken is severely wounded.
The tentacle slaps you! You block the tentacle's attack. x3
A tentacle segment bursts forth from the water.
The kraken bites you.
You take 16 damage, and have 48/140 hp.
You slice the kraken!!
You feel better.
The kraken is almost dead.
The tentacle slaps you but does no damage.
The tentacle closely misses you. x2; You riposte.
You hit the tentacle.
The tentacle is severely wounded.
The tentacle closely misses you.
A tentacle segment bursts forth from the water.
The kraken barely misses you. You block the tentacle's attack.
The tentacle slaps you but does no damage.
You block the tentacle's attack.
You regained 7 hp, and now have 55/140 hp.
You hit the kraken but do no damage.
The kraken is almost dead.
You block the tentacle's attack.
The tentacle slaps you but does no damage.
A tentacle segment bursts forth from the water.
The tentacle closely misses you.
You riposte.
You slice the tentacle!!
The tentacle is heavily wounded.
The kraken bites you but does no damage.
The tentacle slaps you!!
* * * LOW HITPOINT WARNING * * *
The tentacle barely misses you.
You take 17 damage, and have 38/140 hp.
You hit the kraken.
You feel better.
The kraken is almost dead.
The tentacle slaps you but does no damage.
The tentacle slaps you!
* * * LOW HITPOINT WARNING * * *
A tentacle segment bursts forth from the water.
The tentacle completely misses you. The tentacle barely misses you.
The kraken bites you but does no damage.
You take 15 damage, and have 23/140 hp.
You hit the kraken.
You feel better.
The kraken is almost dead.
You block the tentacle's attack.
The tentacle slaps you but does no damage.
You block the tentacle's attack. The tentacle slaps you!!
* * * LOW HITPOINT WARNING * * *
A tentacle segment bursts forth from the water.
The kraken squirts a massive cloud of ink into the water!
You take 16 damage, and have 7/140 hp.
You hit the kraken but do no damage.
The kraken is almost dead.
The tentacle slaps you but does no damage.
You block the tentacle's attack.
The tentacle slaps you but does no damage.
The tentacle slaps you.
* * * LOW HITPOINT WARNING * * *
A tentacle segment bursts forth from the water.
The kraken squirts a massive cloud of ink into the water!
The tentacle slaps you but does no damage. x2
You take 6 damage, and have 1/140 hp.
Unknown command.
Unknown command.
You hit the kraken but do no damage.
The kraken is almost dead.
You block the tentacle's attack. x3
The kraken squirts a massive cloud of ink into the water!
You block the tentacle's attack. The tentacle completely misses you.
The tentacle slaps you!
You die...

########################
≈≈≈≈≈≈≈≈≈≈≈≈≈≈≈≈≈≈≈≈≈≈≈≈
≈≈≈≈≈≈≈≈≈≈≈≈≈≈≈≈≈≈≈≈≈≈≈≈
≈≈≈≈≈≈≈≈≈≈≈≈≈≈≈≈≈≈≈≈≈≈≈≈
≈≈≈≈≈≈≈≈≈≈≈≈≈≈§≈≈≈≈≈≈≈≈≈
≈≈≈≈≈≈≈≈≈≈≈≈≈≈≈§§§§≈≈≈≈≈
≈≈≈≈≈≈≈≈≈≈≈≈≈≈≈w§w§≈≈≈≈≈
≈≈≈≈≈≈≈≈≈≈≈≈≈≈≈§@X§≈≈≈≈≈
≈≈≈≈≈≈≈..≈≈≈≈...ww§≈≈≈≈≈
≈≈≈≈.≈≈.....≈...§§§≈≈≈≈≈
.≈≈.........≈≈..≈≈≈≈≈≈≈≈
.....(.....≈≈..≈≈≈≈≈≈≈≈≈
......≈.#......≈≈≈≈≈≈≈≈≈
........#.....≈≈≈≈≈≈≈≈≈≈
.≈≈≈≈≈≈≈≈≈≈≈≈≈≈


You could see a kraken and 4 tentacles.

Vanquished Creatures
  Vashnia (Snake:3)
  A nagaraja (Snake:2)
  Louise (Snake:3)
  A dire elephant (D:15)
  A minotaur (Gauntlet)
  Snorg (Orc:2)
  An ettin (Orc:2)
  3 merfolk impalers (Shoals:1)
  A green death (Gauntlet)
  A death ooze (Gauntlet)
  A great orb of eyes (D:15)
  A vault guard (D:13)
  Erolcha (D:12)
  6 hydras
  2 merfolk avatars (Shoals:2)
  Erica (D:10)
  Harold (D:7)
  A naga warrior (Snake:3)
  10 anacondas
  3 catoblepae
  6 two-headed ogres
  A merfolk aquamancer (Shoals:1)
  A death knight (D:14)
  3 centaur warriors
  A deep troll shaman (Lair:6)
  9 naga sharpshooters
  6 death yaks
  A tengu warrior (D:12)
  Sonja (D:10)
  6 shock serpents
  An orc high priest (Orc:2)
  Nergalle (D:10)
  4 skeletal warriors (D:13)
  3 sea snakes
  2 wizards
  4 naga ritualists
  A harpy (shapeshifter) (D:15)
  5 deep elf magi
  7 ugly things
  17 mana vipers
  4 orc knights
  6 orc sorcerers
  6 fauns
  2 oklob plants (Lair:2)
  5 salamanders
  A wolf spider (D:14)
  5 manticores
  6 cyclopes
  A salamander (shapeshifter) (D:15)
  A guardian serpent (Snake:3)
  10 elephants
  4 merfolk sirens
  4 ice statues
  6 naga magi
  27 black mambas
  Maurice (D:8)
  Joseph (D:10)
  2 water nymphs (Shoals:1)
  2 orange demons (Gauntlet)
  12 spiny frogs
  2 gargoyles
  2 rime drakes
  6 komodo dragons
  An efreet (D:15)
  5 yaktaurs (D:15)
  A tengu conjurer (D:13)
  4 trolls
  A polar bear (Lair:6)
  A queen bee (Lair:1)
  10 slime creatures
  2 wind drakes
  9 merfolk
  5 dream sheep
  12 hippogriffs
  A snapping turtle (Shoals:1)
  2 shadows
  7 water elementals
  2 wraiths (D:13)
  2 vampires
  36 yaks
  6 basilisks
  4 hungry ghosts
  Grum (D:10)
  6 wyverns
  7 vampire mosquitoes
  A steam dragon (D:12)
  Edmund (D:4)
  20 nagas
  3 wargs (Orc:1)
  A soldier ant (D:12)
  15 water moccasins
  2 acid dragons
  6 porcupines
  8 ice beasts
  30 orc warriors
  5 phantoms
  A black bear (Lair:1)
  7 ogres
  3 sky beasts
  4 centaurs
  10 wolves
  An eye of draining (D:8)
  2 necrophages (D:8)
  10 crocodiles
  3 big kobolds
  17 bullfrogs
  2 wyvern zombies
  A wyvern skeleton (D:9)
  3 scorpions
  6 jellies
  46 killer bees
  6 wights
  9 howler monkeys
  2 bullfrog zombies (D:12)
  11 crimson imps
  3 centaur zombies
  5 hounds
  20 orc priests
  A gnoll shaman (D:6)
  39 orc wizards
  Jessica (D:3)
  2 centaur skeletons
  3 iguanas
  Ijyb (D:3)
  11 worker ants
  A hound zombie (D:6)
  A hound skeleton (D:8)
  A worker ant zombie (D:11)
  13 gnolls
  A howler monkey skeleton (D:10)
  9 adders
  4 shadow imps
  An ooze (D:2)
  An adder zombie (D:8)
  5 worms
  A dart slug (D:2)
  10 leopard geckos
  91 orcs
  5 giant cockroaches
  11 goblins
  11 hobgoblins
  2 jackals (D:3)
  4 quokkas
  3 ball pythons
  8 bats
  6 frilled lizards
  26 kobolds
  A quokka skeleton (D:5)
  A quokka zombie (D:8)
  4 rats
  A fungus (Lair:6)
  3 plants (Lair:2)
  A tentacle (Shoals:3)
908 creatures vanquished.

Vanquished Creatures (collateral kills)
  2 anacondas (Snake:3)
  A catoblepas (Shoals:2)
  2 naga sharpshooters (Snake:3)
  A shock serpent (Snake:3)
  A naga ritualist (Snake:3)
  2 black mambas (Snake:3)
  A merfolk (Shoals:2)
  An orc warrior (Orc:1)
  An orc wizard (Orc:2)
  2 orcs (Orc:1)
14 creatures vanquished.

Vanquished Creatures (others)
  4 dancing weapons (Orc:1)
  5 fungi
  2 plants
11 creatures vanquished.

Grand Total: 933 creatures vanquished

Notes
Turn   | Place    | Note
-------+----------+-------------------------------------------
     0 | D:1      | Mgcat the Hill Orc Fighter began the quest for the Orb.
     0 | D:1      | Reached XP level 1. HP: 19/19 MP: 1/1
   145 | D:1      | Reached XP level 2. HP: 18/27 MP: 2/2
   364 | D:1      | Reached skill level 4 in Fighting
   611 | D:1      | Reached XP level 3. HP: 33/33 MP: 3/3
  1153 | D:2      | Reached XP level 4. HP: 39/40 MP: 4/4
  1337 | D:2      | Reached skill level 4 in Armour
  1337 | D:2      | Reached skill level 4 in Shields
  1364 | D:2      | Reached skill level 3 in Short Blades
  1741 | D:2      | Reached XP level 5. HP: 39/47 MP: 5/5
  1907 | D:3      | Noticed an ogre
  1915 | D:3      | Killed an ogre
  1915 | D:3      | Reached XP level 6. HP: 50/55 MP: 6/6
  1928 | D:3      | Reached skill level 5 in Fighting
  2247 | D:3      | Noticed Jessica
  2260 | D:3      | Killed Jessica
  2269 | D:3      | Noticed Ijyb
  2299 | D:3      | Killed Ijyb
  2456 | D:3      | Found a faded altar of an unknown god.
  2484 | D:3      | Became a worshipper of Sif Muna the Loreminder
  2484 | D:3      | Reached * piety under Sif Muna
  3179 | D:4      | Reached skill level 5 in Armour
  3179 | D:4      | Reached skill level 5 in Shields
  3185 | D:4      | Reached skill level 1 in Long Blades
  3189 | D:4      | Noticed Edmund
  3215 | D:4      | Killed Edmund
  3215 | D:4      | Reached XP level 7. HP: 37/62 MP: 7/7
  3218 | D:4      | HP: 9/62 [ogre/+0 giant club (16)]
  3219 | D:4      | Reached skill level 2 in Long Blades
  3842 | D:4      | Reached skill level 3 in Long Blades
  4100 | D:5      | Entered Level 5 of the Dungeon
  4207 | D:5      | Got a steaming whip
  4218 | D:5      | HP: 12/62 [ice beast (14)]
  4220 | D:5      | Reached skill level 4 in Long Blades
  4221 | D:5      | Identified the +6 whip "Lepyw" {pain, rPois rC+ Int+2
                  | Dex-5} (You found it on level 5 of the Dungeon)
  4465 | D:5      | Reached XP level 8. HP: 44/70 MP: 8/8
  4551 | D:5      | Reached skill level 5 in Long Blades
  4601 | D:5      | Got a transparent battleaxe
  4602 | D:5      | Identified the +5 battleaxe "Veaqutsu" {flame, rC+ Str+2
                  | Dex+3} (You found it on level 5 of the Dungeon)
  5002 | D:6      | Found a staircase to the Ecumenical Temple.
  5010 | D:6      | Reached skill level 6 in Long Blades
  5359 | D:6      | Reached skill level 7 in Long Blades
  5740 | D:7      | Reached skill level 8 in Long Blades
  5856 | D:7      | Reached XP level 9. HP: 66/75 MP: 9/9
  5868 | D:7      | Reached skill level 9 in Long Blades
  5878 | D:7      | Found Mirukigg's Book Shop.
  6129 | D:7      | Noticed Harold
  6143 | D:7      | Reached skill level 10 in Long Blades
  6168 | D:7      | Killed Harold
  6168 | D:7      | Reached skill level 11 in Long Blades
  6749 | D:7      | Found a runed translucent door.
  6751 | D:7      | Noticed a sixfirhy
  7621 | D:8      | Reached skill level 12 in Long Blades
  7858 | D:8      | Reached XP level 10. HP: 81/83 MP: 10/10
  8199 | D:8      | Noticed Maurice
  8269 | D:8      | Noticed a two-headed ogre
  8284 | D:8      | Killed a two-headed ogre
  8284 | D:8      | Reached skill level 13 in Long Blades
  8533 | D:8      | Killed Maurice
  8538 | D:8      | Learned a level 3 spell: Tukima's Dance
  8810 | D:8      | Noticed a two-headed ogre
  8814 | D:8      | HP: 16/81 [two-headed ogre/cursed -1 giant club (6)]
  8819 | D:8      | Killed a two-headed ogre
  8819 | D:8      | Reached ** piety under Sif Muna
  8819 | D:8      | Reached skill level 1 in Dodging
  8819 | D:8      | Reached skill level 1 in Spellcasting
  8819 | D:8      | Reached skill level 2 in Hexes
  9281 | D:8      | Reached skill level 2 in Dodging
  9436 | D:8      | Found a bloodstained altar of Trog.
  9531 | D:9      | Reached skill level 2 in Spellcasting
  9621 | D:9      | Reached skill level 3 in Hexes
  9621 | D:9      | Reached XP level 11. HP: 74/87 MP: 14/14
  9706 | D:9      | Reached skill level 3 in Dodging
 10025 | D:9      | Found a staircase to the Orcish Mines.
 10116 | D:9      | Reached skill level 4 in Hexes
 10356 | D:9      | Reached skill level 3 in Spellcasting
 10817 | D:10     | Entered Level 10 of the Dungeon
 10917 | D:10     | Noticed a centaur warrior
 10980 | D:10     | Identified the +0 robe of Knowledge {Dex+5}
 11245 | D:10     | Noticed Grum
 11255 | D:10     | Reached *** piety under Sif Muna
 11263 | D:10     | Killed Grum
 11263 | D:10     | Noticed Nergalle
 11511 | D:10     | Killed Nergalle
 11511 | D:10     | Reached skill level 4 in Dodging
 11571 | D:10     | Killed a centaur warrior
 11571 | D:10     | Reached skill level 5 in Hexes
 11714 | D:10     | Noticed Erica
 11803 | D:10     | Killed Erica
 11803 | D:10     | Reached skill level 4 in Spellcasting
 11847 | D:10     | Noticed Joseph
 11859 | D:10     | Paralysed by Joseph for 4 turns
 11865 | D:10     | Killed Joseph
 11914 | D:10     | Noticed Sonja
 11934 | D:10     | Killed Sonja
 12409 | D:10     | Reached skill level 6 in Hexes
 12436 | D:11     | Reached skill level 5 in Dodging
 12441 | D:11     | Found a shattered altar of Ashenzari.
 12443 | D:11     | Noticed a centaur warrior
 12457 | D:11     | Killed a centaur warrior
 12464 | D:11     | Reached XP level 12. HP: 68/95 MP: 19/19
 12473 | D:11     | Reached **** piety under Sif Muna
 12473 | D:11     | Reached skill level 5 in Spellcasting
 12763 | D:11     | Reached skill level 7 in Hexes
 12897 | D:11     | Noticed a two-headed ogre
 12909 | D:11     | Killed a two-headed ogre
 12915 | D:11     | Reached skill level 8 in Hexes
 12917 | D:11     | Reached skill level 6 in Fighting
 13054 | D:11     | Reached skill level 14 in Long Blades
 13071 | D:11     | Found a staircase to the Lair.
 13126 | D:11     | Reached skill level 6 in Shields
 13170 | D:11     | Identified a scroll of acquirement
 13171 | D:11     | Got a crude scimitar
 13172 | D:11     | Identified the +7 scimitar of Tension {vamp, Str-5 Dex+4}
                  | (You acquired it on level 11 of the Dungeon)
 13659 | Lair:1   | Entered Level 1 of the Lair of Beasts
 13671 | Lair:1   | You fall through a shaft!
 13691 | Lair:2   | Reached skill level 7 in Fighting
 14135 | Lair:1   | Reached skill level 7 in Shields
 14676 | Lair:2   | Found a basalt altar of Yredelemnul.
 15077 | Lair:2   | Reached skill level 8 in Fighting
 15104 | Lair:2   | Got a fine leather armour
 15105 | Lair:2   | Identified the +2 leather armour of Minor Irritation {Str+4
                  | Dex+2} (You found it on level 2 of the Lair of Beasts)
 15299 | Lair:2   | Learned a level 3 spell: Mephitic Cloud
 15440 | Lair:3   | Found a staircase to the Shoals.
 15449 | Lair:3   | Reached ***** piety under Sif Muna
 15449 | Lair:3   | Identified Sif Muna's Volume of Spatial Summoning (Sif Muna
                  | gifted it to you on level 3 of the Lair of Beasts)
 15449 | Lair:3   | Received a gift from Sif Muna
 15498 | Lair:3   | Found a transporter.
 15502 | Lair:3   | Noticed an eight-headed hydra
 15502 | Lair:3   | Noticed Gennuon's ghost (journeyman TrWr)
 15502 | Lair:3   | Noticed a six-headed hydra
 15505 | Lair:3   | Found the +8 arc blade {discharge, rElec}
 15507 | Lair:3   | Found a transporter.
 15563 | Lair:3   | Found a staircase to the Snake Pit.
 15574 | Lair:3   | Reached skill level 1 in Conjurations
 15577 | Lair:3   | Reached XP level 13. HP: 106/108 MP: 20/20
 15606 | Lair:3   | Reached skill level 1 in Poison Magic
 15855 | Lair:3   | Reached skill level 1 in Air Magic
 15942 | Lair:4   | Noticed Xodoxeg's ghost (journeyman NaWz)
 15952 | Lair:4   | Found a runed translucent gate.
 15952 | Lair:4   | Found a runed translucent gate.
 15952 | Lair:4   | Found a runed translucent gate.
 16079 | Lair:4   | Reached skill level 8 in Shields
 16085 | Lair:4   | Reached skill level 2 in Conjurations
 16293 | Lair:4   | Identified the Disquisition on Toxic Malediction
 16299 | Lair:4   | Learned a level 3 spell: Portal Projectile
 16696 | Lair:5   | Reached skill level 2 in Poison Magic
 16703 | Lair:5   | Reached skill level 9 in Fighting
 16876 | Lair:5   | Reached skill level 1 in Translocations
 16876 | Lair:5   | Reached skill level 2 in Air Magic
 17265 | Lair:5   | Reached skill level 3 in Conjurations
 17275 | Lair:5   | Reached skill level 15 in Long Blades
 17472 | Lair:6   | Entered Level 6 of the Lair of Beasts
 17595 | Lair:6   | Reached skill level 3 in Poison Magic
 17626 | Lair:6   | Reached skill level 2 in Translocations
 17704 | Lair:6   | Found a staircase to the Slime Pits.
 17705 | Lair:6   | Found a viscous altar of Jiyva.
 18237 | Lair:6   | Reached skill level 3 in Air Magic
 18275 | Lair:6   | Reached skill level 4 in Conjurations
 18275 | Lair:6   | Reached XP level 14. HP: 58/119 MP: 22/22
 18444 | Lair:6   | Reached skill level 9 in Shields
 18444 | Lair:6   | Reached skill level 6 in Spellcasting
 18802 | Lair:6   | Identified Sif Muna's Incunabulum of the Oath (Sif Muna
                  | gifted it to you on level 6 of the Lair of Beasts)
 18802 | Lair:6   | Received a gift from Sif Muna
 18881 | Lair:6   | Reached skill level 10 in Fighting
 18968 | Lair:6   | Reached skill level 3 in Translocations
 19005 | Lair:6   | Reached skill level 4 in Poison Magic
 19023 | Lair:6   | HP: 24/121 [19-headed hydra (10)]
 19701 | Orc:1    | Entered Level 1 of the Orcish Mines
 20188 | Orc:1    | HP: 24/121 [orc knight/+0 broad axe (18)]
 20727 | Orc:2    | Entered Level 2 of the Orcish Mines
 20727 | Orc:2    | Found a staircase to the Elven Halls.
 20780 | Orc:2    | Reached skill level 4 in Air Magic
 20796 | Orc:1    | Reached skill level 5 in Conjurations
 21127 | Orc:2    | Paralysed by an orc sorcerer for 2 turns
 21146 | Orc:2    | Paralysed by an orc sorcerer for 4 turns
 21149 | Orc:2    | HP: 27/121 [orc sorcerer/bolt of fire (37)]
 21163 | Orc:2    | Noticed Snorg
 21239 | Orc:2    | Killed Snorg
 21239 | Orc:2    | Reached skill level 4 in Translocations
 21395 | Orc:2    | Identified Sif Muna's Papyrus of Destructive Poison (Sif
                  | Muna gifted it to you on level 2 of the Orcish Mines)
 21395 | Orc:2    | Received a gift from Sif Muna
 21530 | Orc:2    | Found Faotij's Distillery.
 21530 | Orc:2    | Found Guutueti's Antique Armour Boutique.
 21531 | Orc:2    | Found Lyhippog's Magic Scroll Shop.
 21541 | Orc:2    | Found Udiolid's Gadget Shop.
 21544 | Orc:2    | Bought a runed scale mail for 196 gold pieces
 21547 | Orc:2    | Bought a scroll of enchant armour for 112 gold pieces
 21547 | Orc:2    | Bought a scroll of enchant armour for 112 gold pieces
 21939 | D:12     | Found a frozen archway.
 21946 | D:12     | Reached skill level 5 in Poison Magic
 21962 | IceCv    | Entered an ice cave
 22244 | IceCv    | Got steaming ice dragon scales
 22251 | IceCv    | Identified the +9 ice dragon scales of Inquiry {rPois rF-
                  | rC++ Int+4 Slay+2} (You found it in an ice cave)
 22336 | D:12     | Reached skill level 10 in Shields
 22348 | D:12     | Reached XP level 15. HP: 126/126 MP: 15/25
 22374 | D:12     | Reached skill level 7 in Spellcasting
 22512 | D:12     | Noticed Erolcha
 22515 | D:12     | Reached skill level 5 in Air Magic
 22520 | D:12     | Killed Erolcha
 22634 | D:12     | Reached skill level 5 in Translocations
 22801 | D:12     | Learned a level 5 spell: Summon Mana Viper
 23341 | D:13     | Reached skill level 1 in Summonings
 23549 | D:13     | Reached skill level 6 in Armour
 23567 | D:13     | Reached skill level 2 in Summonings
 23615 | D:13     | Found a gate to the Vaults.
 23643 | D:13     | Learned a level 2 spell: Blink
 23691 | D:13     | Found a gate leading to a gauntlet.
 23724 | Gauntlet | Entered a Gauntlet
 23724 | Gauntlet | Found a transporter.
 23724 | Gauntlet | Found a runed translucent door.
 23724 | Gauntlet | Found a runed translucent door.
 23731 | Gauntlet | Found a transporter.
 23734 | Gauntlet | Found a transporter.
 23742 | Gauntlet | Found a transporter.
 23744 | Gauntlet | Found a transporter.
 23755 | Gauntlet | Found a transporter.
 23773 | Gauntlet | Found a transporter.
 23784 | Gauntlet | Found a transporter.
 23787 | Gauntlet | Found the +2 pair of boots of the Assassin {Detection Stab+
                  | Stlth++}
 23794 | Gauntlet | Found a transporter.
 23810 | Gauntlet | Found a transporter.
 23824 | Gauntlet | Found a transporter.
 23824 | Gauntlet | Found a transporter.
 23873 | Gauntlet | Found a transporter.
 23875 | Gauntlet | Found the -2 hat of the Alchemist {rElec rPois rF+ rC+ rN+
                  | MR+ rMut rCorr}
 23897 | Gauntlet | Found a transporter.
 24022 | Gauntlet | Reached skill level 16 in Long Blades
 24127 | Gauntlet | Identified Sif Muna's Papyrus of Bewitching Moulding (Sif
                  | Muna gifted it to you in a Gauntlet)
 24127 | Gauntlet | Received a gift from Sif Muna
 24150 | Gauntlet | Got a transparent jade amulet
 24153 | Gauntlet | Identified the amulet of Beogh's Hope {Inacc Str+3} (You
                  | found it in a Gauntlet)
 24263 | Gauntlet | Identified the Tome of Helpful Heat
 24826 | D:14     | You are sucked into a shaft!
 24826 | D:15     | Entered Level 15 of the Dungeon
 25210 | D:15     | Reached skill level 3 in Summonings
 25309 | D:14     | Reached skill level 6 in Translocations
 25602 | D:15     | Found a shattered altar of Ashenzari.
 25678 | D:15     | HP: 28/126 [large slime creature (25)]
 25919 | D:15     | Found a staircase to the Depths.
 25942 | D:15     | Reached skill level 7 in Armour
 25942 | D:15     | Reached XP level 16. HP: 134/134 MP: 27/27
 26084 | D:15     | Reached skill level 8 in Spellcasting
 26383 | D:7      | Bought a manual of Throwing for 1656 gold pieces
 26573 | Snake:1  | Entered Level 1 of the Snake Pit
 26634 | Snake:1  | Reached skill level 1 in Throwing
 26664 | Snake:1  | Reached skill level 4 in Summonings
 26672 | Snake:1  | Reached skill level 11 in Shields
 26694 | Snake:1  | Reached skill level 2 in Throwing
 26830 | Snake:1  | Found a white marble altar of Elyvilon.
 27051 | Snake:1  | Reached skill level 3 in Throwing
 27231 | Snake:1  | Reached skill level 9 in Hexes
 27821 | Snake:2  | Found Qetav's General Store.
 27967 | Snake:2  | Found Vahewuh's General Store.
 28097 | Snake:2  | Reached skill level 4 in Throwing
 28159 | Snake:2  | Noticed a nagaraja
 28175 | Snake:2  | Killed a nagaraja
 28175 | Snake:2  | Reached skill level 5 in Summonings
 28617 | Snake:2  | Reached skill level 8 in Armour
 28748 | Snake:2  | Found Iheat's Book Emporium.
 28940 | Snake:3  | Received a gift from Sif Muna
 28995 | Snake:3  | Reached skill level 7 in Translocations
 29053 | Snake:3  | Learned a level 5 spell: Aura of Abjuration
 29080 | Snake:3  | Identified the cursed +0 large shield of Abstinence {+Inv}
 29080 | Snake:3  | Noticed Louise
 29114 | Snake:3  | Reached skill level 5 in Throwing
 29127 | Snake:3  | Killed Louise
 29244 | Snake:3  | Reached XP level 17. HP: 119/140 MP: 4/29
 29397 | Snake:3  | Noticed Vashnia
 29432 | Snake:3  | Reached skill level 6 in Throwing
 29440 | Snake:3  | Reached skill level 6 in Summonings
 29463 | Snake:3  | HP: 22/140 [Vashnia/bolt (27)]
 29464 | Snake:3  | HP: 5/140 [Vashnia/bolt (17)]
 29469 | Snake:3  | HP: 35/140 [poisoned by a naga sharpshooter (splash of
                  | poison)]
 29474 | Snake:3  | HP: 31/140 [poisoned by a naga sharpshooter (splash of
                  | poison)]
 29485 | Snake:3  | Killed Vashnia
 29980 | Shoals:1 | Entered Level 1 of the Shoals
 30027 | Shoals:1 | Reached skill level 12 in Shields
 30038 | Shoals:1 | HP: 35/140 [drowned by a water elemental (5)]
 30043 | Shoals:1 | HP: 25/140 [poisoned by a merfolk impaler]
 30045 | Shoals:1 | HP: 8/140 [merfolk aquamancer/shard of ice (19)]
 30047 | Shoals:1 | Reached skill level 10 in Hexes
 30050 | Shoals:1 | HP: 18/140 [poisoned by a merfolk impaler]
 30055 | Shoals:1 | HP: 18/140 [poisoned by a merfolk impaler]
 30060 | Shoals:1 | HP: 19/140 [poisoned by a merfolk impaler]
 30066 | Lair:3   | HP: 31/140 [poisoned by a merfolk impaler]
 30074 | Lair:3   | HP: 35/140 [poisoned by a merfolk impaler]
 30330 | Shoals:1 | Reached skill level 17 in Long Blades
 30634 | Shoals:1 | Found Uwnigr Ivyr's Armour Shoppe.
 30651 | Shoals:1 | Reached skill level 7 in Throwing
 31156 | Shoals:2 | Reached ****** piety under Sif Muna
 31156 | Shoals:2 | Identified Sif Muna's Handbook of Feathers (Sif Muna gifted
                  | it to you on level 2 of the Shoals)
 31156 | Shoals:2 | Received a gift from Sif Muna
 31174 | Shoals:2 | Learned a level 6 spell: Deflect Missiles
 31245 | Shoals:2 | Reached skill level 8 in Translocations
 31535 | Shoals:2 | Reached skill level 7 in Summonings
 31839 | Shoals:3 | Reached skill level 1 in Charms
 31940 | Shoals:3 | Noticed a kraken
 31958 | Shoals:3 | HP: 23/140 [tentacle[a kraken] (16)]
 31959 | Shoals:3 | HP: 7/140 [tentacle[a kraken] (18)]
 31960 | Shoals:3 | HP: 1/140 [tentacle[a kraken] (6)]
 31961 | Shoals:3 | Demolished by a tentacle

Vault maps used:
D:1:      dpeg_arrival_snail, st_stairs_1, hangedman_decor_points,
          minmay_three_crescents
D:3:      chequers_ecumenical_altar_twisty, serial_bayou_ford_a, uniq_jessica,
          uniq_ijyb
D:4:      first_ration, uniq_edmund
D:5:      st_stairs_2
D:6:      minmay_temple_entry_tees
D:7:      cheibrodos_shockbox, serial_shops, shop, uniq_harold
D:8:      trog_eyes_of_draining, grunt_ogre_cave, due_unseen_surprise,
          uniq_maurice
D:9:      hiddenorc2_lemuel
D:10:     uniq_sonja, uniq_erica, uniq_grum, uniq_nergalle, uniq_joseph
D:11:     david_lair_generic, serial_park_tiny_2, ashenzari_altar_1
D:12:     portal_ice_cave_entry_pillars_1, billiards_dpeg, uniq_erolcha
D:13:     david_vaults_5, gauntlet_entry_generic
D:15:     hangedman_depths_entry_try_elsewhere_first, basic_altar, nrook_uturn,
          minmay_misc_feat_cross
Lair:1:   grunt_megastairs_1
Lair:2:   basic_altar, minmay_lair_oklob_chamber, grunt_megastairs_2
Lair:3:   minmay_shoals_entry_beasts, minmay_snake_entry_guardpost_medium,
          gammafunk_ghost_arena
Lair:4:   gammafunk_ghost_split
Lair:5:   serial_bayou_pond_d, hangedman_lair_generics_rect
Lair:6:   grunt_lair_end_beastmaster, slime_altar_1, grunt_megastairs_4
Shoals:1: serial_shops, shop
Shoals:2: nzn_motion_control
Snake:1:  basic_altar
Snake:2:  serial_shops, shop, nicolae_shop_temple_entry_statues_fountains, shop
Snake:3:  lemuel_fruit_tree, uniq_vashnia, uniq_louise
Orc:1:    special_room
Orc:2:    st_orc_mages, uniq_snorg
IceCv:    ice_cave_statue_garden_chambered
Gauntlet: minmay_gauntlet_77_tree

Skill      XL: |  1  2  3  4  5  6  7  8  9 10 11 12 13 14 15 16 17 |
---------------+----------------------------------------------------+-----
Fighting       | 4 5 8 9 10 | 10.0
Armour         | 4 5 7 8 |  8.0
Shields        | 4 5 7 8 10 11 12 | 12.3
Short Blades   | 3 |  3.7
Long Blades    | 1 4 8 12 13 14 15 16 17 | 17.1
Dodging        | 2 5 |  5.0
Spellcasting   | 2 4 5 6 7 8 |  8.0
Hexes          | 3 6 8 9 10 | 10.0
Conjurations   | 1 4 5 |  5.0
Poison Magic   | 3 5 |  5.0
Air Magic      | 3 4 5 |  5.0
Translocations | 2 4 6 7 8 |  8.0
Summonings     | 3 5 7 |  7.0
Throwing       | 5 7 |  7.6
Charms         | 1 |  1.1

Action                   |  1- 3 |  4- 6 |  7- 9 | 10-12 | 13-15 | 16-18 || total
-------------------------+-------+-------+-------+-------+-------+-------++-------
Melee: Rapier            |   171 |   196 |       |       |       |       ||   367
       Great sword       |       |    64 |    11 |       |       |       ||    75
       Falchion          |       |       |   391 |    23 |       |       ||   414
       Scimitar          |       |       |       |   773 |  1490 |   869 ||  3132
Throw: Javelin           |       |       |       |       |       |     2 ||     2
 Cast: Tukima's Dance    |       |       |       |       |    21 |       ||    21
       Mephitic Cloud    |       |       |       |       |     8 |     3 ||    11
       Summon Mana Viper |       |       |       |       |       |     6 ||     6
Invok: Divine Energy     |       |       |       |     1 |       |       ||     1
Evoke: Wand              |       |     1 |     3 |    27 |    24 |     3 ||    58
       Lamp of fire      |       |       |       |       |     2 |       ||     2
       Phantom mirror    |       |       |       |       |     1 |       ||     1
  Use: Potion            |       |     1 |     1 |     4 |     1 |     1 ||     8
       Scroll            |       |    11 |     5 |    13 |    18 |     7 ||    54
 Stab: Invisible         |       |       |     2 |       |     4 |       ||     6
       Confused          |       |       |     1 |     2 |     3 |     1 ||     7
       Paralysed         |       |       |       |     3 |       |       ||     3
       Distracted        |       |       |       |       |       |     2 ||     2
  Eat: Chunk             |     1 |     7 |    16 |    15 |    29 |    12 ||    80
       Ration            |       |       |     1 |     5 |     3 |     3 ||    12
Armor: Scale mail        |    62 |     2 |       |       |    33 |       ||    97
       Chain mail        |       |   164 |   158 |   271 |   301 |       ||   894
       Ice dragon scales |       |       |       |       |   290 |   395 ||   685
Dodge: Dodged            |    39 |    72 |   104 |   188 |   462 |   248 ||  1113
Block: Shield            |    84 |    94 |   173 |   353 |   723 |   547 ||  1974
       Rpst.: Great sword |       |    12 |     3 |       |       |       ||    15
       Falchion          |       |       |    36 |     2 |       |       ||    38
       Scimitar          |       |       |       |    60 |    96 |    59 ||   215

Table legend:
 A = Non-vault XP
 B = Vault XP
 C = Vault XP percentage of total XP
 D = Non-vault monster count
 E = Vault monster count
 F = Vault count percentage of total count
                 A         B        C        D         E       F
            +---------+---------+-------+---------+---------+-------
      Total |  153331 |   65844 |  30.0 |     667 |     250 |  27.3
            +---------+---------+-------+---------+---------+-------
        D:1 |      36 |      13 |  26.5 |      23 |       8 |  25.8
        D:2 |     120 |       0 |   0.0 |      28 |       0 |   0.0
        D:3 |     211 |      73 |  25.7 |      23 |       2 |   8.0
        D:4 |     436 |     166 |  27.6 |      19 |       1 |   5.0
        D:5 |     426 |      42 |   9.0 |       7 |       2 |  22.2
        D:6 |     431 |       0 |   0.0 |      14 |       0 |   0.0
        D:7 |    1676 |     876 |  34.3 |      33 |       1 |   2.9
        D:8 |    3486 |     895 |  20.4 |      28 |       5 |  15.2
        D:9 |    2412 |     266 |   9.9 |      27 |      32 |  54.2
       D:10 |    2080 |    3511 |  62.8 |      16 |       8 |  33.3
       D:11 |    5695 |     972 |  14.6 |      47 |       4 |   7.8
       D:12 |    7311 |    3204 |  30.5 |      31 |       4 |  11.4
       D:13 |    8320 |    1974 |  19.2 |      27 |       6 |  18.2
       D:14 |    7434 |     535 |   6.7 |      17 |       1 |   5.6
       D:15 |    9994 |    2888 |  22.4 |      36 |       3 |   7.7
     Lair:1 |    1356 |    2007 |  59.7 |       6 |      28 |  82.4
     Lair:2 |    1890 |    1107 |  36.9 |       9 |       2 |  18.2
     Lair:3 |    1629 |    1251 |  43.4 |       6 |       5 |  45.5
     Lair:4 |    3666 |       0 |   0.0 |      11 |       0 |   0.0
     Lair:5 |    6038 |    3280 |  35.2 |      24 |       7 |  22.6
     Lair:6 |    8824 |   12089 |  57.8 |      36 |      29 |  44.6
   Shoals:1 |   11522 |       0 |   0.0 |      25 |       0 |   0.0
   Shoals:2 |    7091 |    3380 |  32.3 |      15 |       5 |  25.0
   Shoals:3 |    1778 |       0 |   0.0 |       6 |       0 |   0.0
    Snake:1 |   20453 |       0 |   0.0 |      37 |       0 |   0.0
    Snake:2 |   12665 |       0 |   0.0 |      21 |       0 |   0.0
    Snake:3 |   20866 |    9375 |  31.0 |      44 |       6 |  12.0
      Orc:1 |    1871 |    3548 |  65.5 |      21 |      24 |  53.3
      Orc:2 |    3614 |    6171 |  63.1 |      30 |      49 |  62.0
      IceCv |       0 |    3262 | 100.0 |       0 |      11 | 100.0
   Gauntlet |       0 |    4959 | 100.0 |       0 |       7 | 100.0
            +---------+---------+-------+---------+---------+-------

Vault maps used:
D:1:      dpeg_arrival_snail, st_stairs_1, hangedman_decor_points,
          minmay_three_crescents
D:3:      chequers_ecumenical_altar_twisty, serial_bayou_ford_a, uniq_jessica,
          uniq_ijyb
D:4:      first_ration, uniq_edmund
D:5:      st_stairs_2
D:6:      minmay_temple_entry_tees
D:7:      cheibrodos_shockbox, serial_shops, shop, uniq_harold
D:8:      trog_eyes_of_draining, grunt_ogre_cave, due_unseen_surprise,
          uniq_maurice
D:9:      hiddenorc2_lemuel
D:10:     uniq_sonja, uniq_erica, uniq_grum, uniq_nergalle, uniq_joseph
D:11:     david_lair_generic, serial_park_tiny_2, ashenzari_altar_1
D:12:     portal_ice_cave_entry_pillars_1, billiards_dpeg, uniq_erolcha
D:13:     david_vaults_5, gauntlet_entry_generic
D:15:     hangedman_depths_entry_try_elsewhere_first, basic_altar, nrook_uturn,
          minmay_misc_feat_cross
Lair:1:   grunt_megastairs_1
Lair:2:   basic_altar, minmay_lair_oklob_chamber, grunt_megastairs_2
Lair:3:   minmay_shoals_entry_beasts, minmay_snake_entry_guardpost_medium,
          gammafunk_ghost_arena
Lair:4:   gammafunk_ghost_split
Lair:5:   serial_bayou_pond_d, hangedman_lair_generics_rect
Lair:6:   grunt_lair_end_beastmaster, slime_altar_1, grunt_megastairs_4
Shoals:1: serial_shops, shop
Shoals:2: nzn_motion_control
Snake:1:  basic_altar
Snake:2:  serial_shops, shop, nicolae_shop_temple_entry_statues_fountains, shop
Snake:3:  lemuel_fruit_tree, uniq_vashnia, uniq_louise
Orc:1:    special_room
Orc:2:    st_orc_mages, uniq_snorg
IceCv:    ice_cave_statue_garden_chambered
Gauntlet: minmay_gauntlet_77_tree

Table legend:
 A = Turns spent in this place as a percentage of turns spent in the entire game.
 B = Non-inter-level travel turns spent in this place as a percentage of non-inter-level travel turns spent in the entire game.
 C = Inter-level travel turns spent in this place as a percentage of turns spent in this place.
 D = Turns resting spent in this place as a percentage of non-inter-level travel turns spent in this place.
 E = Turns spent auto-exploring this place as a percentage of non-inter-level travel turns spent in this place.
 F = Non-inter-level travel turns spent in this place divided by the number of levels of this place that you've seen.
                   A       B       C       D       E      F
               +-------+-------+-------+-------+-------+----------------------
         Total | 100.0 | 100.0 |   6.4 |  11.8 |  64.0 | 964.6
       Dungeon |  54.9 |  54.5 |   7.1 |  16.0 |  61.8 | 1087.4
          Lair |  19.3 |  19.2 |   7.1 |   6.3 |  73.4 | 955.8
        Shoals |   5.8 |   5.9 |   3.9 |   2.8 |  69.3 | 592.7
     Snake Pit |  10.5 |  10.7 |   4.7 |   2.3 |  73.5 | 1068.0
  Orcish Mines |   6.7 |   6.7 |   6.6 |  11.0 |  52.8 | 1001.5
      Ice Cave |   1.0 |   1.1 |   0.0 |  39.0 |   0.6 | 331.0
      Gauntlet |   1.7 |   1.8 |   0.0 |  15.1 |  34.9 | 542.0
               +-------+-------+-------+-------+-------+----------------------

Table legend:
 A = Kills in this place as a percentage of kills in entire the game.
 B = Kills by you in this place as a percentage of kills by you in the entire game.
 C = Kills by friends in this place as a percentage of kills by friends in the entire game.
 D = Other kills in this place as a percentage of other kills in the entire game.
 E = Experience gained in this place as a percentage of experience gained in the entire game.
 F = Experience gained in this place divided by the number of levels of this place that you have seen.
                   A       B       C       D       E      F
               +-------+-------+-------+-------+-------+----------------------
         Total | 100.0 | 100.0 | 100.0 |   N/A | 100.0 | 7070.2
       Dungeon |  49.4 |  50.2 |   0.0 |   N/A |  29.9 | 4365.5
          Lair |  17.8 |  18.1 |   0.0 |   N/A |  19.7 | 7189.5
        Shoals |   5.6 |   5.4 |  14.3 |   N/A |  10.8 | 7923.7
     Snake Pit |  11.8 |  11.1 |  57.1 |   N/A |  28.9 | 21119.7
  Orcish Mines |  13.5 |  13.3 |  28.6 |   N/A |   6.9 | 7602.0
      Ice Cave |   1.2 |   1.2 |   0.0 |   N/A |   1.5 | 3262.0
      Gauntlet |   0.8 |   0.8 |   0.0 |   N/A |   2.3 | 4959.0
               +-------+-------+-------+-------+-------+----------------------
